 Dungeon Sprint DCSS version 0.27-a0-93-g19769c27d7 (webtiles) character file.

Game seed: 13953402393834813807

167779 rocky1 the Hoplite (level 17, -6/150 HPs)
             Began as a Formicid Fighter on Jan 17, 2021.
             Was the Champion of Cheibriados.
             Mangled by a nagaraja
             ... wielding a +0 spear
              (14 damage)
             ... in the Dungeon (Sprint IX: "|||||||||||||||||||||||||||||").
             The game lasted 00:34:54 (7553 turns).

rocky1 the Hoplite (Formicid Fighter)               Turns: 7553, Time: 00:34:55

Health: -6/150     AC: 36    Str: 44    XL:     17   Next: 43%
Magic:  0/30       EV: 21    Int: 22    God:    Cheibriados [******]
Gold:   12         SH: 22    Dex: 25    Spells: 16/16 levels left

rFire    + . .     SeeInvis +   H - +2 great sword (protect)
rCold    + + .     Faith    .   F - +2 kite shield {AC+3}
rNeg     . . .     Spirit   +   w - +3 plate armour {rC+}
rPois    .         Reflect  .   (helmet unavailable)
rElec    .         Harm     .   m - +0 cloak
rCorr    .         Rampage  .   r - +0 pair of gloves
Will     +....                  t - +0 pair of boots
Stlth    ..........             v - amulet of guardian spirit
HPRegen  0.35/turn              C - ring of protection from fire
MPRegen  0.22/turn              z - ring of protection from cold

@: lethally poisoned (-6 -> -16), protection aura, constricted, very slow
A: permanent stasis, dig shafts and tunnels, four strong arms, antennae 3
}: 3/17 runes: decaying, barnacled, gossamer
a: Dig, Renounce Religion, Bend Time, Temporal Distortion, Slouch, Step From
Time


You were in the Dungeon.
You worshipped Cheibriados.
Cheibriados was exalted by your worship.
You visited 1 branch You collected 1828 gold pieces.
You spent 1816 gold pieces at shops.

Inventory:

Hand Weapons
 a - a +3 scimitar of flaming
 b - a +2 scimitar of holy wrath
 n - a +1 vampiric hand axe
 p - a +2 great sword of flaming
 s - a +0 antimagic long sword
 u - a +1 great mace of draining
 H - a +2 great sword of protection (weapon)
 I - a +2 eveningstar of draining
Missiles
 o - 15 javelins
 B - 40 silver javelins
Armour
 m - a +0 cloak (worn)
 r - a +0 pair of gloves (worn)
 t - a +0 pair of boots (worn)
 w - a +3 plate armour of cold resistance (worn)
 F - a +2 kite shield of protection (worn)
 P - a +4 ring mail of fire resistance
Jewellery
 v - an amulet of guardian spirit (around neck)
 z - a ring of protection from cold (right hand)
 C - a ring of protection from fire (left hand)
 J - a +2 ring of slaying
 K - a +6 ring of dexterity
 L - a +6 ring of dexterity
 M - an uncursed amulet of regeneration
Wands
 j - a wand of acid (6)
Scrolls
 c - 8 scrolls of enchant armour
 e - 3 scrolls of identify
 h - 5 scrolls of remove curse
 i - 2 scrolls of amnesia
 q - 2 scrolls of fear
 G - 8 scrolls of enchant weapon
Potions
 f - 2 potions of curing
 g - a potion of mutation {unknown}
Miscellaneous
 x - a condenser vane


   Skills:
 + Level 18.3 Fighting
 + Level 20.5 Long Blades
 + Level 15.9 Maces & Flails
 + Level 12.5 Throwing
 + Level 18.3 Armour
 + Level 15.6 Dodging
 + Level 21.7 Shields
 + Level 19.4 Invocations
 + Level 17.7 Evocations


You had 16 spell levels left.
You didn't know any spells.
Your spell library was empty.

Dungeon Overview and Level Annotations

Branches:
Dungeon (1/1)

Altars:
Cheibriados
Dithmenos
Elyvilon
Fedhas
Gozag
Hepliaklqana
Kikubaaqudgha
Makhleb
Nemelex Xobeh
Okawaru
Qazlal
Ru
Sif Muna
Trog
Uskayaw
Vehumet
Wu Jian
Xom
Yredelemnul
Zin
The Shining One
Beogh
Jiyva
Lugonu

Shops:
D ==[}


Innate Abilities, Weirdness & Mutations

You cannot be hasted, slowed, berserked, paralysed or teleported.
You can dig through walls and to a lower floor.
Your four strong arms can wield two-handed weapons with a shield.
You have a pair of large antennae on your head. (SInv)


Message History

You kill the nagaraja!
Cheibriados appreciates the change of pace.
The nagaraja completely misses you. The naga spits poison at you.
You block the splash of poison.
Unknown command.
You slash the naga!
You kill the naga!
Cheibriados appreciates the change of pace.
You feel sick. The nagaraja spits poison at you.
The splash of poison misses you. You block the nagaraja's attack.
The nagaraja grabs you. The nagaraja constricts you.
The nagaraja gestures at you while chanting.
The poison arrow hits you!
You are more poisoned.
* * * LOW HITPOINT WARNING * * *
The nagaraja constricts you. The nagaraja hits you with a +0 spear!
You die... { { {{{{{{{{{{{{{{{{ {{{{{{{{{

▓▓▓▓▓▓▓▓▓▓▓▓▓▓▓▓▓▓▓▓▓▓▓▓
)).))))))).'))))@NN)....{
▓▓▓▓▓▓▓▓▓▓▓▓▓▓▓▓▓▓▓▓▓▓▓▓▓▓▓▓▓▓▓
....................).........▓
▓▓▓▓▓▓▓▓▓▓▓▓▓▓▓▓▓▓▓▓▓▓▓▓▓▓▓▓▓.▓
..!!!..!.........?.'..........▓
▓▓▓▓▓▓▓▓▓▓▓▓▓▓▓▓▓▓▓▓▓▓▓▓▓▓▓▓▓▓▓
.........)....................▓
▓▓▓▓▓▓▓▓▓▓▓▓▓▓▓▓▓▓▓▓▓▓▓▓▓▓▓▓▓.▓
()).))).............'.........▓


You could see a nagaraja (fast) and a naga.

Vanquished Creatures
  Mara (D)
  Sojobo (D)
  A lich (D)
  Gastronok (D)
  Frances (D)
  2 tengu reavers (D)
  5 nagarajas (D)
  2 fire giants (D)
  Ilsuiw (D)
  3 frost giants (D)
  2 vault wardens (D)
  2 ghost moths (D)
  4 emperor scorpions (D)
  Louise (D)
  5 stone giants (D)
  3 ironheart preservers (D)
  2 very ugly things (D)
  An entropy weaver (D)
  A vampire knight (D)
  A dire elephant (D)
  A spark wasp (D)
  4 merfolk javelineers (D)
  An eleionoma (D)
  4 merfolk impalers (D)
  2 ettins (D)
  A yaktaur captain (D)
  A fire dragon (D)
  A great orb of eyes (D)
  An ice dragon (D)
  Harold (D)
  3 naga warriors (D)
  A rakshasa (D)
  8 hydras (D)
  A ghost crab (D)
  A spriggan air mage (D)
  3 centaur warriors (D)
  2 merfolk avatars (D)
  Erica (D)
  A two-headed ogre (D)
  A tengu warrior (D)
  2 alligators (D)
  A death yak (D)
  A merfolk aquamancer (D)
  2 deep troll shamans (D)
  11 orc high priests (D)
  Urug (D)
  A deep elf knight (D)
  A naga sharpshooter (D)
  2 unseen horrors (D)
  A skeletal warrior (D)
  A wizard (D)
  2 sea snakes (D)
  A swamp dragon (shapeshifter) (D)
  6 swamp dragons (D)
  A necromancer (D)
  A flayed ghost (D)
  6 orc knights (D)
  An ironbrand convoker (D)
  4 wolf spiders (D)
  A cyclops (D)
  A will-o-the-wisp (D)
  A manticore (D)
  2 moths of wrath (D)
  6 naga magi (D)
  A guardian serpent (shapeshifter) (D)
  7 elephants (D)
  A water nymph (D)
  A guardian serpent (D)
  A vault sentinel (D)
  A gargoyle (D)
  A rime drake (D)
  4 cane toads (D)
  2 yaktaurs (D)
  2 komodo dragons (D)
  4 jumping spiders (D)
  A tyrant leech (D)
  3 merfolk (D)
  A polar bear (D)
  A blink frog (D)
  A wind drake (D)
  2 hornets (D)
  2 tarantellas (D)
  4 redbacks (D)
  A shadow (D)
  A spriggan (D)
  A water elemental (D)
  Eustachio (D)
  A yak (D)
  A basilisk (D)
  A soldier ant (D)
  4 nagas (D)
  2 water moccasins (D)
  7 orc warriors (D)
  A swamp drake (D)
  A black bear (D)
  An ice beast (D)
  2 boggarts (D)
  4 bullfrogs (D)
  A quasit (D)
  A jelly (D)
  An orc priest (D)
  6 orc wizards (D)
  3 worker ants (D)
  An adder (D)
  An adder skeleton (D)
  A leopard gecko (D)
  10 orcs (D)
  A ball python (D)
  A hobgoblin (D)
  2 kobolds (D)
234 creatures vanquished.

Vanquished Creatures (others)
  A merfolk aquamancer (D)
  A centaur warrior (D)
  A gargoyle (D)
  A spriggan (D)
  A worker ant (D)
5 creatures vanquished.

Grand Total: 239 creatures vanquished

Notes
Turn   | Place    | Note
-------+----------+-------------------------------------------
     0 | D        | rocky1 the Formicid Fighter began the quest for the Orb.
     0 | D        | Reached XP level 1. HP: 18/18 MP: 1/1
     6 | D        | Reached skill level 4 in Shields
    14 | D        | Reached XP level 2. HP: 21/24 MP: 2/2
    63 | D        | Reached skill level 5 in Long Blades
    63 | D        | Reached skill level 5 in Shields
    63 | D        | Reached XP level 3. HP: 12/29 MP: 3/3
    66 | D        | Reached skill level 6 in Shields
    66 | D        | Reached XP level 4. HP: 15/35 MP: 4/4
    71 | D        | Reached skill level 7 in Shields
    71 | D        | Reached XP level 5. HP: 11/41 MP: 5/5
    81 | D        | HP: 2/41 [adder (4)]
   475 | D        | Found a roughly hewn altar of Beogh.
   475 | D        | Found a snail-covered altar of Cheibriados.
   475 | D        | Found a shadowy altar of Dithmenos.
   475 | D        | Found a white marble altar of Elyvilon.
   475 | D        | Found a blossoming altar of Fedhas.
   475 | D        | Found an opulent altar of Gozag.
   476 | D        | Found a hazy altar of Hepliaklqana.
   477 | D        | Found a viscous altar of Jiyva.
   478 | D        | Found an ancient bone altar of Kikubaaqudgha.
   479 | D        | Became a worshipper of Cheibriados the Contemplative
   480 | D        | Found a corrupted altar of Lugonu.
   481 | D        | Found a burning altar of Makhleb.
   482 | D        | Found a sparkling altar of Nemelex Xobeh.
   483 | D        | Found an iron altar of Okawaru.
   484 | D        | Found a stormy altar of Qazlal.
   485 | D        | Found a sacrificial altar of Ru.
   486 | D        | Found a shimmering blue altar of Sif Muna.
   487 | D        | Found a bloodstained altar of Trog.
   488 | D        | Found a hide-covered altar of Uskayaw.
   489 | D        | Found a radiant altar of Vehumet.
   490 | D        | Found an ornate altar of the Wu Jian Council.
   491 | D        | Found a shimmering altar of Xom.
   492 | D        | Found a basalt altar of Yredelemnul.
   493 | D        | Found a glowing silver altar of Zin.
   494 | D        | Found a glowing golden altar of the Shining One.
   550 | D        | Noticed an orc warrior
   550 | D        | Noticed an orc warrior
   550 | D        | Noticed a bullfrog
   562 | D        | Killed an orc warrior
   563 | D        | Reached skill level 8 in Shields
   563 | D        | Reached XP level 6. HP: 20/47 MP: 6/6
   563 | D        | Reached * piety under Cheibriados
   564 | D        | Reached skill level 10 in Long Blades
   564 | D        | Reached skill level 9 in Shields
   568 | D        | Killed an orc warrior
   568 | D        | Reached ** piety under Cheibriados
   573 | D        | Reached skill level 10 in Shields
   573 | D        | Reached XP level 7. HP: 20/52 MP: 7/7
   577 | D        | Reached *** piety under Cheibriados
   583 | D        | Noticed a centaur warrior
   583 | D        | Noticed a centaur warrior
   583 | D        | Noticed a gargoyle
   583 | D        | Noticed a cyclops
   583 | D        | Noticed a soldier ant
   590 | D        | Killed a centaur warrior
   591 | D        | Reached skill level 12 in Shields
   591 | D        | Reached XP level 8. HP: 31/58 MP: 8/8
   594 | D        | Killed a centaur warrior
   594 | D        | Killed a gargoyle
   604 | D        | Killed a cyclops
   604 | D        | Reached **** piety under Cheibriados
   605 | D        | Reached skill level 5 in Fighting
   605 | D        | Reached skill level 5 in Armour
   605 | D        | Reached XP level 9. HP: 41/68 MP: 9/12
   610 | D        | Reached skill level 13 in Shields
  1052 | D        | Noticed a komodo dragon
  1052 | D        | Noticed a komodo dragon
  1052 | D        | Noticed a cane toad
  1057 | D        | Killed a komodo dragon
  1058 | D        | Reached skill level 5 in Invocations
  1058 | D        | Reached skill level 1 in Evocations
  1058 | D        | Noticed a cane toad
  1061 | D        | Noticed a blink frog
  1067 | D        | Reached ***** piety under Cheibriados
  1071 | D        | Killed a komodo dragon
  1075 | D        | Killed a cane toad
  1076 | D        | Reached XP level 10. HP: 53/77 MP: 14/14
  1081 | D        | Killed a cane toad
  1082 | D        | Reached skill level 5 in Dodging
  1082 | D        | Reached ****** piety under Cheibriados
  1178 | D        | Noticed a seven-headed hydra
  1178 | D        | Noticed a rime drake
  1178 | D        | Noticed a cane toad
  1180 | D        | Noticed a death yak
  1182 | D        | Killed a rime drake
  1182 | D        | Killed a cane toad
  1182 | D        | Noticed a cane toad
  1183 | D        | Reached skill level 14 in Shields
  1183 | D        | Reached skill level 5 in Evocations
  1183 | D        | Killed a seven-headed hydra
  1184 | D        | Reached skill level 15 in Long Blades
  1191 | D        | Killed a death yak
  1192 | D        | Reached XP level 11. HP: 87/87 MP: 6/17
  1263 | D        | Noticed a dire elephant
  1263 | D        | Noticed an elephant
  1263 | D        | Noticed an elephant
  1263 | D        | Noticed an elephant
  1263 | D        | Noticed an elephant
  1263 | D        | Noticed an elephant
  1272 | D        | Killed a dire elephant
  1273 | D        | Killed an elephant
  1275 | D        | Killed an elephant
  1277 | D        | Killed an elephant
  1278 | D        | Reached skill level 5 in Maces & Flails
  1278 | D        | Killed an elephant
  1279 | D        | Noticed an elephant
  1280 | D        | Killed an elephant
  1281 | D        | Noticed an elephant
  1288 | D        | Killed an elephant
  1289 | D        | Reached skill level 15 in Shields
  1292 | D        | Killed an elephant
  1293 | D        | Reached skill level 10 in Invocations
  1393 | D        | Noticed Urug
  1407 | D        | Killed Urug
  1672 | D        | Noticed an orc high priest
  1672 | D        | Noticed an orc knight
  1683 | D        | Killed an orc high priest
  1683 | D        | Noticed an orc knight
  1684 | D        | Reached skill level 10 in Fighting
  1684 | D        | Reached skill level 10 in Armour
  1686 | D        | Noticed an orc knight
  1695 | D        | Killed an orc knight
  1696 | D        | Reached XP level 12. HP: 71/97 MP: 19/19
  2054 | D        | Found Taushah's Jewellery Emporium.
  2054 | D        | Noticed an orc high priest
  2054 | D        | Noticed an orc high priest
  2054 | D        | Noticed an orc high priest
  2054 | D        | Noticed an orc high priest
  2055 | D        | Noticed an orc high priest
  2055 | D        | Noticed an orc high priest
  2061 | D        | Killed an orc high priest
  2062 | D        | Killed an orc high priest
  2063 | D        | Killed an orc high priest
  2064 | D        | Killed an orc high priest
  2064 | D        | Killed an orc high priest
  2064 | D        | Killed an orc high priest
  2065 | D        | Reached skill level 16 in Shields
  2065 | D        | Reached skill level 10 in Evocations
  2079 | D        | Noticed an orc high priest
  2079 | D        | Noticed an orc high priest
  2080 | D        | Killed an orc high priest
  2081 | D        | Found Piehy's Jewellery Shoppe.
  2084 | D        | Killed an orc high priest
  2087 | D        | Found Mazummuc's Antique Armour Emporium.
  2089 | D        | Noticed an orc high priest
  2090 | D        | Found Tufokhluo's Gadget Shoppe.
  2090 | D        | Noticed an orc high priest
  2095 | D        | Killed an orc high priest
  2099 | D        | Killed an orc high priest
  2114 | D        | Reached XP level 13. HP: 24/106 MP: 9/22
  2453 | D        | Bought an uncursed amulet of guardian spirit for 330 gold
                  | pieces
  2461 | D        | Bought a pair of boots for 148 gold pieces
  2461 | D        | Bought a glowing plate armour for 858 gold pieces
  2463 | D        | Bought a condenser vane for 480 gold pieces
  2595 | D        | Noticed Harold
  2607 | D        | Killed Harold
  2679 | D        | Noticed Gastronok
  2692 | D        | Killed Gastronok
  2820 | D        | Noticed Erica
  2825 | D        | Killed Erica
  2942 | D        | Reached skill level 10 in Dodging
  2951 | D        | Noticed a vampire knight
  2954 | D        | Noticed a fire dragon
  2972 | D        | Noticed an ettin
  2980 | D        | Killed a vampire knight
  2981 | D        | Reached skill level 17 in Shields
  2984 | D        | Killed a fire dragon
  2996 | D        | Killed an ettin
  3246 | D        | Noticed Eustachio
  3259 | D        | Killed Eustachio
  3329 | D        | Noticed a spark wasp
  3333 | D        | Reached skill level 10 in Maces & Flails
  3335 | D        | Killed a spark wasp
  3405 | D        | Noticed a naga warrior
  3411 | D        | Reached XP level 14. HP: 111/118 MP: 24/24
  4161 | D        | Reached skill level 1 in Throwing
  4167 | D        | Reached skill level 18 in Shields
  4416 | D        | Noticed a fire giant
  4416 | D        | Noticed a stone giant
  4416 | D        | Noticed a stone giant
  4424 | D        | Noticed a lich
  4424 | D        | Killed a fire giant
  4426 | D        | Noticed a lich
  4429 | D        | Noticed a red very ugly thing
  4431 | D        | Noticed a red very ugly thing
  4432 | D        | Reached skill level 15 in Invocations
  4433 | D        | Killed a stone giant
  4434 | D        | Killed a stone giant
  4437 | D        | Killed a lich
  4443 | D        | Noticed a fire giant
  4448 | D        | Killed a white very ugly thing
  4449 | D        | Reached skill level 5 in Throwing
  4449 | D        | Killed a white very ugly thing
  4450 | D        | Reached XP level 15. HP: 77/127 MP: 18/26
  4459 | D        | Killed a fire giant
  4726 | D        | Noticed a frost giant
  4727 | D        | Noticed a stone giant
  4729 | D        | Noticed a frost giant
  4738 | D        | Killed a frost giant
  4739 | D        | Noticed a frost giant
  4745 | D        | Killed a stone giant
  4751 | D        | Reached skill level 19 in Shields
  4751 | D        | Killed a frost giant
  4752 | D        | Reached skill level 15 in Fighting
  4752 | D        | Reached skill level 15 in Armour
  4760 | D        | Killed a frost giant
  4920 | D        | Noticed a vault warden
  4933 | D        | Noticed an ironheart preserver
  4934 | D        | Killed a vault warden
  4934 | D        | Noticed an ironheart preserver
  4938 | D        | Killed an ironheart preserver
  4938 | D        | Killed an ironheart preserver
  4942 | D        | Noticed an ironheart preserver
  4947 | D        | Noticed a stone giant
  4948 | D        | Noticed a stone giant
  4950 | D        | Killed an ironheart preserver
  4953 | D        | Noticed a vault warden
  4961 | D        | Killed a stone giant
  4962 | D        | Reached skill level 15 in Evocations
  4972 | D        | Killed a stone giant
  4982 | D        | Killed a vault warden
  5154 | D        | Noticed Mara
  5160 | D        | Noticed rocky1's illusion
  5162 | D        | Noticed rocky1's illusion
  5170 | D        | Noticed rocky1's illusion
  5175 | D        | Killed Mara
  5176 | D        | Reached skill level 20 in Shields
  5176 | D        | Reached XP level 16. HP: 77/138 MP: 6/28
  5374 | D        | Noticed Louise
  5384 | D        | Killed Louise
  5575 | D        | Noticed Frances
  5588 | D        | Killed Frances
  5616 | D        | Noticed a tengu reaver
  5617 | D        | Noticed a tengu reaver
  5617 | D        | Noticed Sojobo
  5628 | D        | Killed a tengu reaver
  5628 | D        | Killed a tengu reaver
  5659 | D        | Killed Sojobo
  5660 | D        | Reached skill level 10 in Throwing
  6061 | D        | Got a decaying rune of Zot
  6392 | D        | Reached skill level 21 in Shields
  6542 | D        | Reached skill level 15 in Maces & Flails
  6578 | D        | Got a gossamer rune of Zot
  6696 | D        | Noticed Ilsuiw
  6712 | D        | Reached skill level 15 in Dodging
  6712 | D        | Reached XP level 17. HP: 127/148 MP: 25/30
  6720 | D        | Killed Ilsuiw
  7459 | D        | Got a barnacled rune of Zot
  7553 | D        | Mangled by a nagaraja

Illustrated notes

Levels and vault maps discovered:
D:        linesprint [early_d, line_temple, items_1, d_10, items_2, lair_1,
          lair_end, items_3, orc_1, orc_end, items_4, d_15, swamp_1, shoals_1,
          snake_1, spider_1, d_20, vaults_1, items_5, swamp_end, shoals_end,
          snake_end, spider_end, vaults_end, d_27, items_6, zot_1, zot_end,
          crypt_end, forest_end, elf_end, slime_end, tomb_end, abyss_end,
          pan_hell_end]

Skill      XL: |  1  2  3  4  5  6  7  8  9 10 11 12 13 14 15 16 17 |
---------------+----------------------------------------------------+-----
Shields        | 4 5 6 7 8 10 12 13 14 15 16 17 18 20 21 | 21.7
Long Blades    | 3 5 6 7 9 11 13 14 15 16 17 18 19 20 | 20.5
Fighting       | 5 6 8 10 11 13 14 16 17 18 | 18.3
Armour         | 5 6 8 10 11 13 14 16 17 18 | 18.3
Dodging        | 3 4 6 8 9 11 12 13 15 | 15.6
Invocations    | 4 6 8 10 12 13 15 17 18 19 | 19.4
Evocations     | 3 6 8 10 12 13 15 17 | 17.7
Maces & Flails | 3 6 8 10 12 13 15 | 15.9
Throwing       | 5 9 11 12 | 12.5

Action                   |  1- 3 |  4- 6 |  7- 9 | 10-12 | 13-15 | 16-18 || total
-------------------------+-------+-------+-------+-------+-------+-------++-------
Melee: Long sword        |    20 |    22 |       |       |       |       ||    42
       Scimitar          |       |    21 |    44 |   158 |   265 |    97 ||   585
       Morningstar       |       |       |       |     1 |       |       ||     1
       Great sword       |       |       |       |       |       |   188 ||   188
Throw: Javelin           |       |       |       |       |    14 |       ||    14
Invok: Slouch            |       |       |       |     9 |    14 |    10 ||    33
Evoke: Wand              |       |       |     1 |     3 |       |       ||     4
       Condenser vane    |       |       |       |       |     4 |     2 ||     6
  Use: Potion            |     2 |     2 |     2 |       |     6 |    13 ||    25
 Stab: Invisible         |       |     3 |     1 |       |       |       ||     4
Armor: Scale mail        |     5 |     4 |       |       |       |       ||     9
       Ring mail         |       |     1 |     6 |    11 |       |       ||    18
       Chain mail        |       |       |       |     2 |       |       ||     2
       Plate armour      |       |       |       |       |    58 |    87 ||   145
Dodge: Dodged            |     7 |    11 |    12 |    49 |    86 |   135 ||   300
Block: Kite shield       |    10 |    18 |    15 |    95 |   159 |   290 ||   587
       Rpst.: Long sword |     2 |     1 |       |       |       |       ||     3
       Scimitar          |       |       |     3 |    11 |    27 |     2 ||    43
       Great sword       |       |       |       |       |       |    11 ||    11

Table legend: (Time is in decaauts)
 A = Elapsed time spent in this place.
 B = Non-inter-level travel time spent in this place.
 C = Inter-level travel time spent in this place.
 D = Time resting spent in this place.
 E = Time spent auto-exploring this place.
 F = Levels seen in this place.
 G = Mean time per level.
                   A        B        C        D        E       F      G
               +--------+--------+--------+--------+--------+-----+--------+
         Total |   8638 |   8638 |      0 |   4939 |      0 |   1 | 8638.0 |
       Dungeon |   8638 |   8638 |      0 |   4939 |      0 |   1 | 8638.0 |
               +--------+--------+--------+--------+--------+-----+--------+

Top non-repeatable levels by time:
       D: 8638 daAuts
